 Dungeon Crawl Stone Soup version 0.22-a0-499-g80674aa (webtiles) character file.

1197 Xavori the Cudgeler (level 8, -1/61 HPs)
             Began as a Mummy Chaos Knight on Oct 24, 2018.
             Slain by a wight
             ... wielding a +0 flail
              (5 damage)
             ... on level 6 of the Dungeon.
             The game lasted 00:12:21 (78387 turns).

Xavori the Cudgeler (Mummy Chaos Knight)           Turns: 78387, Time: 00:12:21

Health: -1/61      AC:  9    Str: 17 (19) XL:     8   Next: 20%
Magic:  20/20      EV: 12    Int:  8 (9)  God:    Xom [.*....]
Gold:   337        SH:  6    Dex: 17 (20) Spells: 8/11 levels left

rFire    . . .     SeeInvis .   x - +4 flail
rCold    + . .     Gourm    .   (no shield)
rNeg     + + +     Faith    .   v - +0 ring mail "Mipanukk" {rF+} (curse)
rPois    ∞         Spirit   .   s - +0 helmet
rElec    .         Reflect  +   n - scarf {cloud immunity}
rCorr    +         Harm     .   f - +1 pair of gloves of Etoog {rCorr Str+4 Int-5}
MR       +....                  (no boots)
Stlth    ..........             j - amulet of Juc Cauwirph {Reflect *Contam Dex+9 SH+6}
HPRegen  0.20/turn              o - ring of loudness (curse)
MPRegen  0.17/turn              t - ring of magical power

@: about to teleport
A: no food or potions, fire vulnerability, cold resistance 1, negative energy
resistance 3, torment resistance, unbreathing
a: Renounce Religion


You were on level 6 of the Dungeon.
You worshipped Xom.
You were a plaything of Xom.
You were not hungry.

You visited 1 branch of the dungeon, and saw 6 of its levels.

You collected 337 gold pieces.

Inventory:

Hand Weapons
 a - a +1 mace of chaos
 x - a +4 flail (weapon)
Armour
 b - a +2 leather armour
 e - the +3 robe of Clouds {+Fly rElec}
   (Xom gifted it to you on level 1 of the Dungeon)

   It insulates you from electricity.
   It lets you fly.
 f - the +1 pair of gloves of Etoog (worn) {rCorr Str+4 Int-5}
   (Xom gifted it to you on level 1 of the Dungeon)

   It affects your strength (+4).
   It affects your intelligence (-5).
   It protects you from acid and corrosion.
 n - a scarf of cloud immunity (worn)
 s - a +0 helmet (worn)
 v - the cursed +0 ring mail "Mipanukk" (worn) {rF+}
   (You found it on level 5 of the Dungeon)

   It protects you from fire.
   It has a curse placed upon it.
Jewellery
 g - an uncursed ring of protection from cold
 j - the amulet of Juc Cauwirph (around neck) {Reflect *Contam Dex+9 SH+6}
   (Xom gifted it to you on level 1 of the Dungeon)

   [amulet of reflection]

   It shields you and reflects attacks.
   It affects your dexterity (+9).
   It causes magical contamination when unequipped.
   It affects your SH (+6).
 m - an uncursed amulet of faith {unknown}
 o - a cursed ring of loudness (left hand)
 t - a ring of magical power (right hand)
Wands
 i - a wand of flame (39)
 p - a wand of iceblast (5)
 w - a wand of digging (10)
Scrolls
 c - 2 scrolls of fog
 d - a scroll of identify
 h - a scroll of teleportation
 k - a scroll of magic mapping {unknown}
 l - 3 scrolls of fear
 u - a scroll of blinking {unknown}
Books
 q - Xom's Catalogue of the Elephant
   (Xom gifted it to you on level 2 of the Dungeon)

   Spells                             Type                      Level
   a - Static Discharge               Conjuration/Air              3
   b - Stone Arrow                    Conjuration/Earth            3
   c - Bolt of Magma                  Conjuration/Fire/Earth       5
   d - Deflect Missiles               Charms/Air                   6
   e - Shatter                        Earth                        9
Miscellaneous
 r - a phial of floods


   Skills:
 + Level 4.5 Fighting
 + Level 4.9 Maces & Flails
 + Level 3.5 Armour
 + Level 3.0 Dodging
 - Level 1.5 Stealth
 * Level 2.0 Spellcasting
 * Level 1.4 Conjurations
 * Level 1.1 Earth Magic
 * Level 2.4 Evocations


You had 8 spell levels left.
You knew the following spells:

 Your Spells              Type           Power        Failure   Level  Hunger
a - Stone Arrow           Conj/Erth      #.....       73%         3    N/A

Dungeon Overview and Level Annotations

Branches:
Dungeon (6/15)             Temple (0/1) D:5

Altars:
Xom
The Shining One


Innate Abilities, Weirdness & Mutations

You do not eat or drink.
Your flesh is vulnerable to fire.
You are immune to poison.
Your flesh is cold resistant. (rC+)
You are immune to negative energy. (rN+++)
You are immune to unholy pain and torment.
You can survive without breathing.


Message History

You thump the wight!
The wight is almost destroyed.
The shadow imp barely misses you. The wight hits you with a flail!
* * * LOW HITPOINT WARNING * * *
The wight barely misses you.
You sock the wight!
You destroy the wight!
The shadow imp hits you.
* * * LOW HITPOINT WARNING * * *
The wight hits you with a flail.
* * * LOW HITPOINT WARNING * * *
Unknown command.
The shadow imp sputters.
Okay, then.
As you read the scroll of teleportation, it crumbles to dust.
You feel strangely unstable.
The shadow imp grins evilly.
The shadow imp hits you but does no damage.
The wight hits you with a flail.
You die...

############ #..
#.....@....# #..
#.?..z5....# #...
#..........# #...
#..........# #....
#..........#
+....###..........#
#......$).........#
#.................#
###.........#######


You could see a wight and a shadow imp.

Vanquished Creatures
  Sigmund (D:2)
  A hornet zombie (D:6)
  5 killer bees (D:3)
  2 wights (D:6)
  A bullfrog zombie (D:6)
  An orc priest (D:5)
  2 hounds
  A jelly (D:5)
  3 orc wizards
  Ijyb (D:3)
  Natasha (thrice) (D:3)
  3 worker ants
  Robin (D:4)
  8 adders
  4 gnolls
  An ooze (D:4)
  An adder skeleton (D:4)
  An adder zombie (D:6)
  A worm (D:3)
  3 dart slugs
  2 leopard geckos
  9 orcs
  12 bats
  8 giant cockroaches
  16 goblins
  5 hobgoblins
  A jackal (shapeshifter) (D:4)
  10 jackals
  9 kobolds
  2 quokkas
  5 ball pythons
  4 frilled lizards
  A leopard gecko skeleton (D:4)
  3 rats
131 creatures vanquished.

Notes
Turn   | Place    | Note
-------+----------+-------------------------------------------
     0 | D:1      | Xavori the Mummy Chaos Knight began the quest for the Orb.
     0 | D:1      | Reached XP level 1. HP: 18/18 MP: 1/1
    26 | D:1      | Reached skill level 1 in Dodging
    85 | D:1      | Reached XP level 2. HP: 17/24 MP: 2/2
   301 | D:1      | Reached XP level 3. HP: 23/29 MP: 3/3
   747 | D:1      | XOM is BORED!
   747 | D:1      | XOM: noise
   754 | D:1      | XOM: harmless Tmut miscast
   929 | D:1      | XOM: god gift: 28 gold pieces
  1246 | D:1      | XOM: mild Tmut miscast
  1572 | D:1      | XOM: silly message
  2112 | D:1      | XOM is BORED!
  2112 | D:1      | XOM: medium Conj miscast
  2419 | D:1      | XOM: god gift: sapphire ring {god gift}
  2706 | D:1      | XOM: god gift: scroll of fog
  3024 | D:1      | XOM: mild Pois miscast
  3119 | D:1      | XOM: mild Chrm miscast
  3923 | D:1      | XOM: harmless Erth miscast
  4384 | D:1      | XOM: god gift: +3 robe of Clouds {+Fly rElec}
  4385 | D:1      | Found the +3 robe of Clouds {+Fly rElec}
  4471 | D:1      | XOM: god gift: pair of scorched gloves {god gift}
  4475 | D:1      | Got a pair of scorched gloves {god gift}
  4481 | D:1      | Identified the +1 pair of gloves of Etoog {rCorr Str+4 Int-5} (Xom gifted it to you on level 1 of the Dungeon)
  4622 | D:1      | XOM: cloud trail
  4765 | D:1      | XOM: mild Air miscast
  4905 | D:1      | XOM is BORED!
  4905 | D:1      | XOM: severe Necr miscast
  5418 | D:1      | XOM: noise
  5861 | D:1      | XOM: summons 1 hostile demon
  5913 | D:2      | XOM: 1-stop teleportation journey
  5925 | D:2      | Noticed Sigmund
  5930 | D:2      | XOM: smoke on damage
  5937 | D:2      | Killed Sigmund
  5937 | D:2      | Reached skill level 1 in Stealth
  5937 | D:2      | Reached XP level 4. HP: 13/37 MP: 4/4
  5937 | D:2      | Reached XP level 5. HP: 14/42 MP: 5/5
  6053 | D:2      | XOM: medium Tmut miscast
  6240 | D:2      | XOM: enchant monster (bad)
  6750 | D:1      | XOM: harmless Conj miscast
  8037 | D:1      | XOM: summons 2 hostile demons
  8395 | D:1      | XOM: 5-stop teleportation journey
  8588 | D:1      | XOM: mild Fire miscast
  9597 | D:1      | XOM: medium Ice miscast
  9597 | D:1      | XOM: smoke on damage
 10123 | D:1      | XOM: stat loss: -1 Int (7/8)
 10351 | D:1      | XOM: medium Conj miscast
 10989 | D:1      | XOM: harmless Tmut miscast
 11804 | D:1      | XOM is BORED!
 11804 | D:1      | XOM: mild Fire miscast
 11840 | D:2      | XOM: god gift: plate armour {god gift}
 12780 | D:1      | XOM: god gift: 6 rations
 13315 | D:1      | XOM: harmless Pois miscast
 13597 | D:1      | XOM: silly message
 13723 | D:1      | XOM: summons 2 hostile demons
 13724 | D:1      | Noticed a sixfirhy
 13805 | D:2      | XOM: summons 2 hostile demons
 14348 | D:1      | XOM: mild Tloc miscast
 14456 | D:1      | XOM: medium Hex miscast
 14709 | D:1      | XOM: harmless Tmut miscast
 14773 | D:1      | XOM: silly message
 14862 | D:1      | XOM: summons 1 hostile demon
 15280 | D:1      | XOM: summons 2 hostile demons
 15718 | D:1      | XOM: stat loss: -1 Str (18/19)
 16697 | D:1      | XOM is BORED!
 16697 | D:1      | XOM: summons 2 hostile demons
 16831 | D:1      | XOM: medium Air miscast
 17960 | D:1      | XOM: mild Tloc miscast
 18302 | D:1      | XOM: medium Fire miscast
 19025 | D:1      | XOM: harmless Chrm miscast
 19343 | D:1      | XOM: noise
 20222 | D:1      | XOM: mild Summ miscast
 21110 | D:1      | XOM: mild Necr miscast
 21552 | D:1      | XOM: harmless Tmut miscast
 21713 | D:1      | XOM: mild Fire miscast
 22627 | D:1      | XOM is BORED!
 22627 | D:1      | XOM: summons 1 hostile demon
 22932 | D:2      | XOM: harmless Air miscast
 22998 | D:2      | XOM: harmless Summ miscast
 23276 | D:1      | XOM: god gift: runed robe {god gift}
 23368 | D:1      | XOM: cloud trail
 23613 | D:1      | XOM: divination: magic mapping
 24074 | D:1      | XOM: mild Chrm miscast
 24208 | D:1      | XOM: god gift: 17 stones
 24397 | D:1      | XOM: 1-stop teleportation journey
 24449 | D:1      | XOM: cloud trail
 24575 | D:1      | XOM: god gift: scroll of teleportation
 24977 | D:1      | XOM: god gift: 4 rations
 25605 | D:1      | XOM: god gift: 8 rations
 25816 | D:1      | XOM: god gift: 3 curare-tipped needles
 25858 | D:1      | XOM is BORED!
 25931 | D:1      | XOM: cloud trail
 26122 | D:1      | XOM: 2-stop teleportation journey
 26266 | D:1      | XOM: medium Pois miscast
 26276 | D:1      | XOM: scenery: create altars
 27346 | D:1      | XOM: harmless Chrm miscast
 27979 | D:1      | XOM: medium Fire miscast
 28043 | D:1      | XOM is BORED!
 28043 | D:1      | XOM: summons 2 hostile demons
 28229 | D:2      | XOM: stat loss: -1 Str (17/19)
 28479 | D:2      | XOM: mild Summ miscast
 28563 | D:1      | XOM: summons 2 hostile demons
 28889 | D:2      | XOM: harmless Summ miscast
 29150 | D:1      | XOM: summons 2 hostile demons
 29564 | D:1      | XOM: summons 2 hostile demons
 29693 | D:2      | XOM: summons 2 hostile shadow creatures
 30903 | D:1      | XOM: severe Hex miscast
 30926 | D:1      | XOM: medium Hex miscast
 31272 | D:1      | XOM: medium Fire miscast
 31758 | D:1      | XOM is BORED!
 31758 | D:1      | XOM: medium Air miscast
 32126 | D:1      | XOM: divination: detect items
 32450 | D:1      | XOM: harmless Erth miscast
 33457 | D:1      | XOM: harmless Pois miscast
 33728 | D:1      | XOM: harmless Fire miscast
 33960 | D:1      | XOM: mild Conj miscast
 34747 | D:1      | XOM: harmless Pois miscast
 34951 | D:1      | XOM is BORED!
 34951 | D:1      | XOM: medium Chrm miscast
 35046 | D:1      | XOM: silly message
 35804 | D:1      | XOM: mild Tloc miscast
 36133 | D:1      | XOM: mild Tmut miscast
 37207 | D:1      | XOM is BORED!
 37207 | D:1      | XOM: harmless Tmut miscast
 37504 | D:1      | XOM: cloud trail
 37705 | D:1      | XOM: divination: magic mapping
 37723 | D:1      | XOM: harmless Summ miscast
 38138 | D:1      | XOM is BORED!
 38138 | D:1      | XOM: summons 2 hostile demons
 39125 | D:1      | XOM: harmless Necr miscast
 39579 | D:1      | XOM: mild Necr miscast
 39640 | D:1      | XOM: summons 4 hostile shadow creatures
 40512 | D:1      | XOM: cloud trail
 41015 | D:1      | XOM: scenery: create altars
 41407 | D:1      | XOM: harmless Hex miscast
 42458 | D:1      | XOM: mild Hex miscast
 42471 | D:1      | XOM: medium Tmut miscast
 42600 | D:1      | XOM: medium Chrm miscast
 42623 | D:1      | XOM: summons 1 hostile demon
 43044 | D:2      | XOM: 2-stop teleportation journey
 43557 | D:1      | XOM: summons 3 hostile shadow creatures
 43902 | D:1      | XOM: summons 2 hostile demons
 44279 | D:1      | XOM is BORED!
 44279 | D:1      | XOM: mild Conj miscast
 44452 | D:1      | XOM: god gift: 36 gold pieces
 44552 | D:1      | XOM: harmless Conj miscast
 44604 | D:1      | XOM: divination: detect items
 44605 | D:1      | XOM: god gift: 3 needles of sleeping
 45039 | D:1      | XOM: god gift: large agate ring {god gift}
 45343 | D:1      | XOM is BORED!
 45644 | D:1      | XOM: god gift: runed great mace {god gift}
 45692 | D:1      | XOM: divination: magic mapping
 45852 | D:1      | XOM: scenery: create altars
 46462 | D:1      | XOM: god gift: runed copper wand {god gift}
 46715 | D:1      | XOM: god gift: 38 gold pieces
 46729 | D:1      | XOM is BORED!
 46729 | D:1      | XOM: stat loss: -2 Dex (9/11)
 46839 | D:1      | XOM: god gift: twitching ruby amulet {god gift}
 46842 | D:1      | Got a twitching ruby amulet {god gift}
 46843 | D:1      | Identified the amulet of Juc Cauwirph {Reflect *Contam Dex+9 SH+6} (Xom gifted it to you on level 1 of the Dungeon)
 47103 | D:1      | XOM: god gift: white potion {god gift}
 47500 | D:1      | XOM: god gift: 11 stones
 47502 | D:1      | XOM: scenery: create altars
 47641 | D:1      | XOM: god gift: dented beryl amulet {god gift}
 48217 | D:1      | XOM: scenery: create altars
 48283 | D:1      | XOM: god gift: embroidered scarf {god gift}
 48589 | D:1      | XOM is BORED!
 48589 | D:1      | XOM: stat loss: -3 Dex (15/20)
 48743 | D:1      | XOM: divination: detect items
 49308 | D:1      | XOM: summons 3 hostile shadow creatures
 49847 | D:1      | XOM: scenery: create altars
 50239 | D:1      | XOM: cloud trail
 50330 | D:1      | XOM: god gift: ring mail {god gift}
 50388 | D:1      | XOM: cloud trail
 51388 | D:1      | XOM: divination: detect items
 51583 | D:1      | XOM is BORED!
 51583 | D:1      | XOM: medium Conj miscast
 51624 | D:1      | XOM: medium Necr miscast
 51913 | D:1      | XOM: harmless Fire miscast
 51922 | D:1      | XOM: noise
 52164 | D:1      | XOM: harmless Fire miscast
 52546 | D:3      | XOM: 1-stop teleportation journey
 52549 | D:3      | Noticed Ijyb
 52570 | D:3      | Killed Ijyb
 52570 | D:3      | Reached XP level 6. HP: 23/48 MP: 6/6
 52669 | D:3      | XOM: severe Erth miscast
 53322 | D:3      | Reached skill level 1 in Evocations
 53328 | D:3      | XOM: summons 1 hostile demon
 53442 | D:3      | Noticed Natasha
 53451 | D:3      | Killed Natasha
 53451 | D:3      | Reached XP level 7. HP: 45/54 MP: 8/8
 53687 | D:3      | Noticed Natasha
 53697 | D:3      | Killed Natasha
 53736 | D:3      | XOM: mild Erth miscast
 53940 | D:3      | Noticed Natasha
 53948 | D:3      | Killed Natasha
 54383 | D:1      | XOM: mild Fire miscast
 54476 | D:1      | XOM: mild Ice miscast
 55375 | D:1      | XOM: mild Tmut miscast
 55498 | D:1      | XOM: noise
 55573 | D:1      | XOM: summons 3 hostile demons
 55692 | D:2      | XOM: mild Tloc miscast
 55899 | D:1      | XOM: harmless Hex miscast
 56663 | D:1      | XOM is BORED!
 56663 | D:1      | XOM: summons 3 hostile demons
 56856 | D:2      | XOM: divination: detect items
 56923 | D:2      | XOM: god gift: Xom's Catalogue of the Elephant
 56926 | D:2      | Identified Xom's Catalogue of the Elephant (Xom gifted it to you on level 2 of the Dungeon)
 56931 | D:2      | Learned a level 3 spell: Stone Arrow
 56932 | D:2      | XOM: god gift: robe {god gift}
 57262 | D:1      | XOM: summons 1 hostile demon
 57461 | D:2      | XOM: mild Air miscast
 58652 | D:1      | XOM: noise
 59000 | D:1      | XOM: god gift: phial of floods
 60062 | D:1      | XOM is BORED!
 60062 | D:1      | XOM: noise
 60184 | D:1      | XOM: harmless Ice miscast
 60592 | D:1      | XOM: divination: detect creatures
 61164 | D:1      | XOM is BORED!
 61247 | D:1      | XOM: noise
 61407 | D:1      | XOM: god gift: glowing emerald potion {god gift}
 61621 | D:1      | XOM: mild Ice miscast
 61835 | D:1      | XOM: god gift: 28 gold pieces
 62167 | D:1      | XOM: god gift: short sword {god gift}
 62482 | D:1      | XOM: stat loss: -1 Str (18/19)
 63524 | D:1      | XOM: mild Fire miscast
 63827 | D:2      | XOM: divination: magic mapping
 63972 | D:1      | XOM: mild Tmut miscast
 64077 | D:1      | XOM: cloud trail
 64456 | D:1      | XOM: silly message
 64646 | D:1      | XOM: mild Tloc miscast
 64646 | D:1      | XOM: smoke on damage
 64677 | D:1      | XOM: scenery: create altars
 64833 | D:1      | XOM: medium Ice miscast
 64937 | D:1      | XOM: mild Tloc miscast
 66421 | D:1      | XOM is BORED!
 66421 | D:1      | XOM: mild Air miscast
 68061 | D:1      | XOM: summons 3 hostile demons
 68062 | D:1      | Noticed an ice devil
 68876 | D:1      | XOM: summons 3 hostile demons
 68877 | D:1      | Noticed a ynoxinul
 68877 | D:1      | Noticed a smoke demon
 69133 | D:2      | XOM: stat loss: -1 Str (17/19)
 69594 | D:1      | XOM: harmless Conj miscast
 69637 | D:1      | XOM: god gift: fizzy emerald potion {god gift}
 70405 | D:1      | XOM: harmless Pois miscast
 70488 | D:1      | XOM: harmless Erth miscast
 71204 | D:1      | XOM: medium Pois miscast
 71341 | D:1      | XOM: summons 3 hostile shadow creatures
 71853 | D:1      | XOM: noise
 72456 | D:1      | XOM: harmless Chrm miscast
 72515 | D:1      | XOM: summons 1 hostile demon
 72920 | D:1      | XOM: divination: detect items
 73113 | D:1      | XOM: cloud trail
 74197 | D:1      | XOM: god gift: 16 stones
 74270 | D:1      | XOM: divination: detect items
 74537 | D:1      | XOM: divination: magic mapping
 74601 | D:1      | XOM: harmless Chrm miscast
 74704 | D:1      | XOM: divination: magic mapping
 75422 | D:1      | XOM: harmless Fire miscast
 75677 | D:1      | XOM: severe Tmut miscast
 75942 | D:1      | XOM is BORED!
 75942 | D:1      | XOM: noise
 76475 | D:3      | XOM: harmless Erth miscast
 76639 | D:3      | XOM: harmless Chrm miscast
 76675 | D:4      | Noticed Robin
 76682 | D:4      | Killed Robin
 76702 | D:4      | You fall through a shaft!
 76702 | D:5      | Entered Level 5 of the Dungeon
 76714 | D:5      | XOM: cloud trail
 76834 | D:4      | Found a glowing golden altar of the Shining One.
 76942 | D:4      | Reached skill level 1 in Spellcasting
 77179 | D:4      | XOM: medium Hex miscast
 77331 | D:5      | Reached skill level 1 in Conjurations
 77786 | D:5      | XOM: noise
 77945 | D:5      | Got an emerald-encrusted ring mail
 77945 | D:5      | XOM: mild Erth miscast
 77964 | D:5      | Identified the cursed +0 ring mail "Mipanukk" {rF+} (You found it on level 5 of the Dungeon)
 78168 | D:5      | Found a staircase to the Ecumenical Temple.
 78325 | D:6      | Reached XP level 8. HP: 48/61 MP: 10/10
 78350 | D:6      | XOM: medium Summ miscast
 78353 | D:6      | Reached skill level 1 in Earth Magic
 78374 | D:6      | XOM: silly message
 78375 | D:6      | XOM: god gift: 11 gold pieces
 78381 | D:6      | HP: 3/61 [wight/flail (6)]
 78387 | D:6      | Slain by a wight

Vault maps used:
D:1:      ncdulo_smallfort
D:2:      kennysheep_big_flooded_room, uniq_sigmund
D:3:      uniq_natasha, uniq_ijyb
D:4:      first_ration, tso_metal_star, uniq_robin
D:5:      minmay_temple_entry_nine_rooms
D:6:      lemuel_ratsnest, lemuel_blue_sif_altar, uniq_prince_ribbit1,
          uniq_menkaure, uniq_blork_the_orc, uniq_edmund

Skill      XL: |  1  2  3  4  5  6  7  8 |
---------------+-------------------------+-----
Dodging        | 1 2 3 |  3.0
Maces & Flails | 3 4 |  4.9
Armour         | 2 3 |  3.5
Stealth        | 1 |  1.5
Evocations     | 1 2 |  2.4
Fighting       | 4 |  4.5
Spellcasting   | 1 2 |  2.0
Conjurations   | 1 |  1.4
Earth Magic    | 1 |  1.1

Action                   |  1- 3 |  4- 6 |  7- 9 || total
-------------------------+-------+-------+-------++-------
Melee: Mace              |    55 |   171 |   248 ||   474
       Flail             |       |       |    18 ||    18
 Abil: Evoke Flight      |       |     1 |       ||     1
Evoke: Wand              |       |     3 |       ||     3
  Use: Scroll            |     7 |     3 |     3 ||    13
 Stab: Sleeping          |     2 |     2 |       ||     4
       Petrified         |       |     2 |     1 ||     3
       Confused          |       |       |     1 ||     1
       Petrifying        |       |       |     1 ||     1
Armor: Leather armour    |    24 |    64 |    64 ||   152
       Robe              |    11 |    51 |       ||    62
       Ring mail         |       |       |    21 ||    21
Dodge: Dodged            |    36 |   198 |   165 ||   399
Block: Other             |       |    46 |   107 ||   153
       Reflection        |       |       |     3 ||     3

Table legend:
 A = Spawn XP
 B = Non-spawn XP
 C = Spawn XP percentage of total XP
 D = Spawn monster count
 E = Non-spawn monster count
 F = Spawn count percentage of total count
 G = Total turns spent on level
                    A         B        C        D         E        F      G
               +---------+---------+-------+---------+---------+-------+---------
         Total |       0 |    1710 |   0.0 |       0 |     127 |   0.0 | 78387
               +---------+---------+-------+---------+---------+-------+---------
           D:1 |       0 |      44 |   0.0 |       0 |      18 |   0.0 | 66626
           D:2 |       0 |     304 |   0.0 |       0 |      19 |   0.0 |  7595
           D:3 |       0 |     616 |   0.0 |       0 |      48 |   0.0 |  2376
           D:4 |       0 |     190 |   0.0 |       0 |      23 |   0.0 |  1051
           D:5 |       0 |     258 |   0.0 |       0 |      14 |   0.0 |   647
           D:6 |       0 |     298 |   0.0 |       0 |       5 |   0.0 |    92
               +---------+---------+-------+---------+---------+-------+---------
